 Dungeon Crawl Stone Soup version 0.31-a0-198-g2ad674f65e (webtiles) character file.

Game seed: 12870234723931218351

203 qw the Skirmisher (level 5, -1/29 HPs)
             Began as a Deep Elf Hunter on June 25, 2023.
             Killed by nerve-wracking pain
             ... invoked by Grinder
              (7 damage)
             ... while paralysed by Grinder
             ... on level 4 of the Dungeon.
             The game lasted 00:00:51 (1571 turns).

qw the Skirmisher (Deep Elf Hunter)                 Turns: 1571, Time: 00:00:51

Health: -1/29      AC:  4    Str: 10    XL:     5   Next: 51%
Magic:  7/7        EV:  2    Int: 14    God:
Gold:   87         SH:  0    Dex: 18    Spells: 4/4 levels left

rFire   + . .        Y - +0 shortbow
rCold   + . .        (shield currently unavailable)
rNeg    . . .        c - +0 leather armour
rPois   .            (no helmet)
rElec   .            i - scarf {rC+ rF+}
rCorr   .            (no gloves)
SInv    .            g - +0 pair of boots
Will    .....        (no amulet)
Stlth   ++           (no ring)
HPRegen 0.24/turn    (no ring)
MPRegen 0.10/turn

%: no passive effects
@: paralysed
A: no striking features
a: no special abilities


You were on level 4 of the Dungeon.
You visited 1 branch of the dungeon, and saw 3 of its levels.

You collected 87 gold pieces.


   Skills:
 - Level 1.5 Fighting
 - Level 9.0 Ranged Weapons
 + Level 2.5 Dodging
 - Level 1.2 Stealth


You had 4 spell levels left.
You didn't know any spells.
Your spell library was empty.

Inventory:

Hand Weapons
 Y - a +0 shortbow (weapon)
Armour
 c - a +0 leather armour (worn)
 g - a +0 pair of boots (worn)
 h - a +0 ring mail
 i - a scarf of resistance (worn)
Jewellery
 f - a +4 ring of protection
Scrolls
 a - a scroll of teleportation
 b - a scroll of identify
 j - a scroll of poison {unknown}
Potions
 d - a potion of enlightenment
 e - a potion of invisibility {unknown}

Dungeon Overview and Level Annotations

Branches:
Dungeon (4/15)
 Temple: D:4-7

Altars:

Annotations:
D:4 Grinder


Message History

You kill the jackal!
The gnoll shouts!
You hear a shout! x3
j - a scroll labelled LAGIDO ZISAXT
Enter note:
Enter note:
There is an escape hatch in the floor here.
Grinder comes into view.
Enter note:
Enter note: You shoot an arrow.
The arrow hits Grinder!
Grinder shouts!
Grinder is lightly wounded.
You shoot an arrow. The arrow closely misses Grinder.
You shoot an arrow. The arrow hits Grinder.
Grinder is moderately wounded.
Grinder blinks!
You shoot an arrow. The arrow barely misses Grinder.
You shoot an arrow. The arrow hits Grinder!
Grinder is heavily wounded.
Grinder barely misses you.
You shoot an arrow.
The arrow hits Grinder but does no damage.
Grinder is heavily wounded.
Grinder hits you.
You writhe in agony.
You shoot an arrow. The arrow barely misses Grinder.
Grinder hits you.
You writhe in agony.
You shoot an arrow. The arrow hits Grinder.
Grinder is heavily wounded.
Grinder hits you but does no damage.
You shoot an arrow. The arrow closely misses Grinder.
Grinder hits you but does no damage.
You shoot an arrow. The arrow closely misses Grinder.
Grinder gestures at you.
You suddenly lose the ability to move!
Grinder says, "Don't move a muscle."
Grinder hits you.
You writhe in agony.
Grinder hits you. Grinder gestures at you. Pain shoots through your body!
You die...

#.. .###..##.<# ##.....#
##...## ##..# ##.## ##..## ###
###....#####.#
..######...........##
......5@.######.....#
......#### ##..### ##### #.##
##># ### ###### ##.##
..##########....### ###..#
.......)..........###...#######
........%...%)......).........#
~~~....~~~~~~~~~~~~~~~~~~~...P#


You could see Grinder.

Vanquished Creatures
  2 howler monkeys (D:4)
  A hound (D:4)
  3 adders
  A dart slug (D:2)
  2 orcs (D:4)
  4 endoplasms
  A giant cockroach (D:2)
  9 hobgoblins
  13 jackals
  4 quokkas
  2 ball pythons (D:1)
  7 bats
  3 frilled lizards
  4 goblins
  5 kobolds
  4 rats
65 creatures vanquished.

Notes
Turn   | Place    | Note
-------+----------+-------------------------------------------
     0 | D:1      | qw the Deep Elf Hunter began the quest for the Orb.
     0 | D:1      | Reached XP level 1. HP: 12/12 MP: 3/3
     0 | D:1      | 0 ||| qw: Version: 0.3-a-22-g0ed2b0b
     0 | D:1      | 0 ||| qw: Game counter: 4957
     0 | D:1      | 0 ||| qw: Melee chars always use a shield: true
     0 | D:1      | 0 ||| qw: God list: Okawaru
     0 | D:1      | 0 ||| qw: Allow faded altars: false
     0 | D:1      | 0 ||| qw: Do Orc after clearing Dungeon:15 true
     0 | D:1      | 0 ||| qw: Do second Lair branch before Depths: true
     0 | D:1      | 0 ||| qw: Lair rune preference: random
     0 | D:1      | 0 ||| qw: Goals: Normal
     0 | D:1      | 0 ||| PLANNING D:1-11
   236 | D:1      | Reached XP level 2. HP: 16/16 MP: 4/4
   238 | D:1      | Reached skill level 6 in Ranged Weapons
   679 | D:1      | 679 ||| UPGRADING to +0 pair of boots.
   684 | D:1      | 684 ||| UPGRADING to scarf of resistance.
   689 | D:1      | 689 ||| READING scroll labelled BURHOPS SAOMN.
   690 | D:1      | 690 ||| READING scroll labelled UPPIOF BADDEFO.
   691 | D:1      | 691 ||| DRINKING 2 glowing emerald potions.
   692 | D:1      | 692 ||| DROPPING scroll of butterflies.
   751 | D:2      | Reached XP level 3. HP: 20/20 MP: 5/5
   951 | D:2      | Reached skill level 7 in Ranged Weapons
   977 | D:2      | HP: 5/20 [poisoned by an adder]
   981 | D:2      | HP: 2/20 [poisoned by an adder]
   982 | D:2      | 982 ||| FLEEEEING.
   983 | D:2      | 983 ||| FLEEEEING.
   984 | D:2      | 984 ||| FLEEEEING.
   985 | D:2      | 985 ||| FLEEEEING.
   986 | D:2      | 986 ||| FLEEEEING.
   987 | D:2      | 987 ||| FLEEEEING.
   988 | D:2      | 988 ||| FLEEEEING.
   989 | D:2      | 989 ||| FLEEEEING.
   990 | D:2      | 990 ||| FLEEEEING.
   991 | D:2      | 991 ||| FLEEEEING.
   992 | D:2      | 992 ||| FLEEEEING.
   993 | D:2      | 993 ||| FLEEEEING.
   994 | D:2      | 994 ||| FLEEEEING.
   995 | D:2      | 995 ||| FLEEEEING.
   996 | D:2      | 996 ||| FLEEEEING.
   997 | D:2      | 997 ||| FLEEEEING.
   998 | D:2      | 998 ||| FLEEEEING.
   999 | D:2      | 999 ||| FLEEEEING.
  1001 | D:2      | 1001 ||| FLEEEEING.
  1003 | D:2      | 1003 ||| FLEEEEING.
  1004 | D:2      | 1004 ||| FLEEEEING.
  1005 | D:2      | 1005 ||| FLEEEEING.
  1006 | D:2      | 1006 ||| FLEEEEING.
  1007 | D:2      | 1007 ||| FLEEEEING.
  1008 | D:2      | 1008 ||| FLEEEEING.
  1009 | D:2      | 1009 ||| FLEEEEING.
  1010 | D:2      | 1010 ||| FLEEEEING.
  1011 | D:2      | 1011 ||| FLEEEEING.
  1012 | D:2      | 1012 ||| FLEEEEING.
  1013 | D:2      | 1013 ||| FLEEEEING.
  1014 | D:2      | 1014 ||| FLEEEEING.
  1015 | D:2      | 1015 ||| FLEEEEING.
  1016 | D:2      | 1016 ||| FLEEEEING.
  1017 | D:2      | 1017 ||| FLEEEEING.
  1018 | D:2      | 1018 ||| FLEEEEING.
  1019 | D:2      | 1019 ||| FLEEEEING.
  1020 | D:2      | 1020 ||| FLEEEEING.
  1021 | D:2      | 1021 ||| FLEEEEING.
  1022 | D:2      | 1022 ||| FLEEEEING.
  1023 | D:2      | 1023 ||| FLEEEEING.
  1024 | D:2      | 1024 ||| FLEEEEING.
  1025 | D:2      | 1025 ||| FLEEEEING.
  1026 | D:2      | 1026 ||| FLEEEEING.
  1027 | D:2      | 1027 ||| FLEEEEING.
  1028 | D:2      | 1028 ||| FLEEEEING.
  1029 | D:2      | 1029 ||| FLEEEEING.
  1030 | D:2      | 1030 ||| FLEEEEING.
  1031 | D:2      | 1031 ||| STAIRDANCE
  1061 | D:1      | 1061 ||| READING 2 scrolls labelled CAJYHOGUKK.
  1209 | D:2      | Reached XP level 4. HP: 20/25 MP: 6/6
  1233 | D:2      | Identified the +7 short sword of Xaiberr {heavy, *Corrode
                  | Int+3 Dex+3}
  1240 | D:2      | You fall into a shaft and drop 2 floors!
  1426 | D:4      | Reached skill level 8 in Ranged Weapons
  1442 | D:4      | Reached XP level 5. HP: 21/29 MP: 7/7
  1446 | D:4      | Reached skill level 9 in Ranged Weapons
  1558 | D:4      | Noticed Grinder
  1568 | D:4      | Paralysed by Grinder for 5 turns
  1569 | D:4      | HP: 7/29 [Grinder (2)]
  1571 | D:4      | Killed from afar by Grinder

Levels and vault maps discovered:
D:1:      amcnicky_arrival_gap_in_the_tavern_cellar, layout_loops_ring,
          nicolae_figureground_sparkle
D:2:      layout_basic, hangedman_abyss_or_decor_lesser_grid, st_stairs_6,
          kennysheep_cluttered_room
D:4:      lemuel_castle_with_subvaults [lemuel_castle_interior_carwin_1],
          layout_layer_cave, okawaru_metal_pillars_1_2, corexii_shack,
          uniq_blork_the_orc, uniq_grinder

Skill      XL: |  1  2  3  4  5 |
---------------+----------------+-----
Ranged Weapons | 6 7 8 9 |  9.0
Fighting       | |  1.5
Dodging        | |  2.5
Stealth        | |  1.2

Action                     |  1- 3 |  4- 6 || total
---------------------------+-------+-------++-------
   Fire: Shortbow          |   130 |    73 ||   203
    Use: Scroll            |     3 |       ||     3
         Potion            |     1 |       ||     1
 Armour: Leather armour    |    10 |     8 ||    18
  Dodge: Dodged            |    25 |    21 ||    46

Table legend:
 A = Non-vault XP
 B = Vault XP
 C = Vault XP percentage of total XP
 D = Non-vault monster count
 E = Vault monster count
 F = Vault count percentage of total count
                 A         B        C        D         E       F
            +---------+---------+-------+---------+---------+-------
      Total |     113 |     178 |  61.2 |      47 |      18 |  27.7
            +---------+---------+-------+---------+---------+-------
        D:1 |      23 |       0 |   0.0 |      16 |       0 |   0.0
        D:2 |      73 |       3 |   3.9 |      28 |       2 |   6.7
        D:4 |      17 |     175 |  91.1 |       3 |      16 |  84.2
            +---------+---------+-------+---------+---------+-------
